 Dungeon Crawl Stone Soup version 0.17-a0-1769-g54adf96 (webtiles) character file.

45 kae the Slasher (level 3, -16/24 HPs)
             Began as a High Elf Skald on Sept 7, 2015.
             Killed from afar by an orc wizard (29 damage)
             ... with a wand of lightning
             ... on level 3 of the Dungeon.
             The game lasted 00:02:50 (2502 turns).

kae the Slasher (High Elf Skald)                    Turns: 2502, Time: 00:02:51

Health: -16/24     AC:  6    Str: 11    XL:     3   Next: 42%
Magic:  7/7        EV:  8    Int: 16    God:
Gold:   116        SH:  0    Dex: 15    Spells: 1 memorised, 5 levels left

rFire  . . .     SeeInvis .     a - +0 falchion
rCold  . . .     Clarity  .     f - +0 scale mail
rNeg   . . .     SustAt   .     (no shield)
rPois  .         Gourm    .     (no helmet)
rElec  .         Spirit   .     (no cloak)
rCorr  .         Warding  .     (no gloves)
rMut   .         Stasis   .     (no boots)
MR     .....                    (no amulet)
Stlth  ..........               (no ring)
                                (no ring)

@: not resistant to hostile enchantments, extremely unstealthy
A: no striking features
a: no special abilities


You were on level 3 of the Dungeon.
You were not hungry.

You visited 1 branch of the dungeon, and saw 3 of its levels.

You collected 116 gold pieces.

Inventory:

Hand weapons
 a - a +0 falchion (weapon)
Armour
 b - a +0 leather armour
 f - a +0 scale mail (worn)
Jewellery
 n - a +2 ring of dexterity {unknown}
 t - an uncursed amulet of resist corrosion {unknown}
Scrolls
 i - 2 scrolls of remove curse {unknown}
 j - 7 scrolls of identify {unknown}
 l - a scroll of recharging {unknown}
 o - a scroll of teleportation {unknown}
 p - a scroll of immolation {unknown}
 q - a scroll of fear {unknown}
 r - a scroll of magic mapping {unknown}
 v - a scroll of amnesia {unknown}
Potions
 e - a potion of flight {unknown}
 k - 4 potions of curing {unknown}
 m - a potion of resistance {unknown}
 s - a potion of agility {unknown}
 u - a potion of lignification {unknown}
Books
 c - a book of Battle

   Spells                             Type                      Level
   a - Infusion                       Charms                       1
   b - Shroud of Golubria             Charms/Translocation         2
   c - Song of Slaying                Charms                       2
   d - Spectral Weapon                Hexes/Charms                 3
   e - Regeneration                   Charms/Necromancy            3
Comestibles
 d - 2 bread rations
 g - 3 meat rations


   Skills:
 - Level 2.0 Fighting
 + Level 4.7 Long Blades
 - Level 0.8 Armour
 - Level 1.1 Dodging
 - Level 2.4 Spellcasting
 - Level 3.6 Charms


You had 5 spell levels left.
You knew the following spells:

 Your Spells              Type           Power        Failure   Level  Hunger
a - Infusion              Chrm           ##....       30%         1    #......


Dungeon Overview and Level Annotations

Branches:
Dungeon (3/15)

Altars:
Makhleb

Annotations:
D:3 Grinder, Terence


Message History

Grinder gestures.
Grinder blinks!
Found 18 arrows.
An orc comes into view. It is wielding a club.
The orc shouts!
Grinder gestures at you.
You resist with significant effort. 2 orcs come into view.
The orc shouts!
Grinder hits you.
You writhe in agony.
Grinder barely misses you.
An orc wizard comes into view. It is wielding a dagger.
The orc wizard shouts!
The orc wizard zaps a wand.
The bolt of lightning misses you.
It is a wand of lightning.
Grinder gestures.
Grinder blinks!
The orc wizard zaps a wand.
The bolt of lightning hits you!
Ouch! That really hurt!
You die...

#.#...###### #.....#
##########.....## ..........
............_...# ..........
#............#.## #........#
#.........).##..# #........#
#.........### #.## #........#
#.........#####.o## #........#
##..............@..# #.o......#
.#.................####........#
.....................##........#
.#...................##........#
.#.................o.##.(......#
.#..................o##........#
.##########........#.##........#
.# ##########ยง........... .#
#............


You could see an orc wizard and 2 orcs.

Vanquished Creatures
  A worm (D:2)
  4 orcs (D:3)
  2 ball pythons (D:2)
  4 goblins
  5 hobgoblins
  3 jackals (D:2)
  5 bats (D:1)
  2 giant cockroaches
  2 giant geckos
  5 kobolds
  3 rats
36 creatures vanquished.

Notes
Turn   | Place    | Note
--------------------------------------------------------------
     0 | D:1      | kae the High Elf Skald began the quest for the Orb.
     0 | D:1      | Reached XP level 1. HP: 14/14 MP: 4/4
   150 | D:1      | Reached XP level 2. HP: 16/19 MP: 6/6
  1066 | D:2      | Reached skill level 4 in Long Blades
  1582 | D:2      | Reached XP level 3. HP: 24/24 MP: 7/7
  1715 | D:3      | Found a burning altar of Makhleb.
  2141 | D:3      | Noticed Terence
  2488 | D:3      | Noticed Grinder
  2502 | D:3      | Killed from afar by an orc wizard

Vault maps used:
D:1:      dpeg_arrival_radiant
D:3:      bloody_makhleb, uniq_terence, uniq_grinder

Action                   || total
-------------------------++-------
Melee: Falchion          ||   176
 Cast: Infusion          ||     4
  Eat: Chunk             ||     3
       Royal jelly       ||     1
